 Dungeon Crawl Stone Soup version 0.29-a0-289-g2178c42546 (webtiles) character file.

Game seed: 601617567350927489

1247 jmlagarto the Gusty (level 8, -1/43 HPs)
             Began as a Tengu Air Elementalist on Mar 17, 2022.
             Was a Believer of Vehumet.
             Shot with an arrow by a centaur (9 damage)
             ... on level 7 of the Dungeon.
             The game lasted 00:17:34 (6310 turns).

jmlagarto the Gusty (Tengu Air Elementalist)        Turns: 6310, Time: 00:17:34

Health: -1/43      AC:  3    Str:  9    XL:     8   Next: 50%
Magic:  11/17      EV: 16    Int: 17    God:    Vehumet [**....]
Gold:   287        SH:  0    Dex: 21    Spells: 8/18 levels left

rFire   . . .      SeeInvis .   (no weapon)
rCold   . . .      Faith    .   (no shield)
rNeg    . . .      Spirit   .   l - +1 robe {Will+}
rPois   +          Reflect  .   (helmet restricted)
rElec   .          Harm     .   (no cloak)
rCorr   .          Rampage  .   (no gloves)
Will    +....                   (boots unavailable)
Stlth   +++.......              (no amulet)
HPRegen 0.14/turn               j - ring of poison resistance
MPRegen 0.15/turn               a - +6 ring of dexterity

@: swift, flying quickly and evasively, very quick
A: beak, talons 3, nimble flight
a: Renounce Religion


You were on level 7 of the Dungeon.
You worshipped Vehumet.
Vehumet was pleased with you.
You visited 2 branches of the dungeon, and saw 8 of its levels.

You collected 287 gold pieces.

Inventory:

Missiles
 d - 7 atropa-tipped darts
 q - 7 poisoned darts
Armour
 l - a +1 robe of willpower (worn)
Jewellery
 a - a +6 ring of dexterity (right hand)
 j - a ring of poison resistance (left hand)
 u - a +4 ring of evasion
Wands
 v - a wand of flame (21)
Scrolls
 e - 2 scrolls of enchant weapon
 k - 2 scrolls of immolation
 m - a scroll of noise {unknown}
 n - a scroll of magic mapping {unknown}
 o - 3 scrolls of amnesia
 s - a scroll of silence {unknown}
 t - a scroll of acquirement {unknown}
 w - a scroll of holy word {unknown}
Potions
 b - a potion of experience {unknown}
 c - 2 potions of attraction
 f - 2 potions of flight
 g - a potion of ambrosia {unknown}
 h - 2 potions of heal wounds {unknown}
 i - 3 potions of curing {unknown}
 p - 2 potions of lignification {unknown}
 r - a potion of invisibility {unknown}


   Skills:
 + Level 1.6 Fighting
 + Level 0.4 Throwing
 + Level 2.8 Dodging
 + Level 3.2 Stealth
 + Level 5.8 Spellcasting
 + Level 6.2 Conjurations
 + Level 7.9 Air Magic


You had 8 spell levels left.
You knew the following spells:

 Your Spells              Type           Power      Damage    Failure   Level
a - Shock                 Conj/Air       100%       1d9       1%          1
b - Static Discharge      Conj/Air       29%        N/A       1%          2
c - Swiftness             Air            31%        N/A       1%          3
d - Airstrike             Air            15%        N/A       4%          4

Your spell library contained the following spells:

 Spells                   Type           Power      Damage    Failure   Level
 Scorch                   Fire           8%         2d5       21%         2
 Ensorcelled Hibernation  Hex/Ice        8%         N/A       21%         2
 Passwall                 Tmut/Erth      3%         N/A       21%         2


Dungeon Overview and Level Annotations

Branches:
Dungeon (7/15)             Temple (1/1) D:5

Altars:
Ashenzari
Elyvilon
Fedhas
Gozag
Hepliaklqana
Kikubaaqudgha
Makhleb
Nemelex Xobeh
Okawaru
Sif Muna
Trog
Vehumet
Wu Jian
Zin
The Shining One


Innate Abilities, Weirdness & Mutations

You have a beak for a mouth.
You have claws for feet.
Your magical nature lets you fly swiftly and evasively.


Message History

The iguana bites you!
* * * LOW HITPOINT WARNING * * *
You fly downwards.
You hear the hiss of flowing sand.
There is an entrance to an ossuary on this level.
Hurry and find it before the portal is buried!
The centaur shouts!
Found three items.
There is a stone staircase leading up here.
Casting: Swiftness (safe; 1% risk of failure)
Confirm with . or Enter, or press ? or * to list all spells.
The iguana is struck by an arc of lightning.
The iguana is lightly wounded.
You are struck by an arc of lightning.
* * * LOW HITPOINT WARNING * * *
The iguana is struck by an arc of lightning.
The iguana is heavily wounded.
The lightning grounds out.
The iguana barely misses you.
Casting: Static Discharge (safe; 1% risk of failure)
Confirm with . or Enter, or press ? or * to list all spells.
The iguana is struck by an arc of lightning.
The iguana is almost dead.
You are struck by an arc of lightning.
* * * LOW HITPOINT WARNING * * *
The lightning grounds out.
The centaur wields a +0 shortbow.
The centaur shoots an arrow.
The arrow barely misses you.
The arrow hits the iguana.
The iguana dies!
Casting: Static Discharge (safe; 1% risk of failure)
Confirm with . or Enter, or press ? or * to list all spells.
You don't know that spell.
Casting: Static Discharge (safe; 1% risk of failure)
Confirm with . or Enter, or press ? or * to list all spells.
Okay, then.
Casting: Static Discharge (safe; 1% risk of failure)
Confirm with . or Enter, or press ? or * to list all spells.
Okay, then.
Unknown command.
The centaur shoots an arrow.
The arrow misses you.
The centaur shoots an arrow.
The arrow hits you!
You die...

..
..#############
.......?.......
...............
...............
#.............
#.............
#.....@.......
+.............
#.........[.c.
#...........=.
#.............
#.............
#.............
##############


You could see a centaur.

Vanquished Creatures
  Grinder (D:4)
  A wraith (D:6)
  Sigmund (D:3)
  A black bear (D:4)
  A necrophage (D:4)
  3 scorpions (D:5)
  2 hounds
  2 jellies (D:5)
  An orc priest (D:3)
  3 iguanas
  7 adders
  2 worms (D:2)
  4 dart slugs
  5 orcs
  8 ball pythons
  3 bats
  4 endoplasms (D:1)
  6 giant cockroaches
  10 goblins
  6 hobgoblins
  3 jackals (D:1)
  8 kobolds
  4 quokkas (D:1)
  3 frilled lizards
  9 rats
98 creatures vanquished.

Vanquished Creatures (others)
  An iguana (D:7)
1 creature vanquished.

Grand Total: 99 creatures vanquished

Notes
Turn   | Place    | Note
-------+----------+-------------------------------------------
     0 | D:1      | jmlagarto the Tengu Air Elementalist began the quest for
                  | the Orb.
     0 | D:1      | Reached XP level 1. HP: 10/10 MP: 4/4
   264 | D:1      | Reached XP level 2. HP: 15/15 MP: 1/6
   718 | D:1      | Reached XP level 3. HP: 19/19 MP: 2/7
   770 | D:1      | Reached skill level 5 in Air Magic
  1589 | D:2      | Reached XP level 4. HP: 24/24 MP: 3/8
  1636 | D:2      | Learned a level 2 spell: Static Discharge
  1640 | D:2      | Learned a level 3 spell: Swiftness
  2165 | D:2      | Found a faded altar of an unknown god.
  2518 | D:2      | Prayed at the altar of an unknown god.
  2518 | D:2      | Became a worshipper of Vehumet
  2518 | D:2      | Reached * piety under Vehumet
  2518 | D:2      | Offered knowledge of Sandblast by Vehumet.
  2550 | D:3      | Gained mutation: Your magical nature lets you fly swiftly
                  | and evasively. [Tengu growth]
  2550 | D:3      | Reached XP level 5. HP: 27/28 MP: 4/10
  2874 | D:3      | Noticed Sigmund
  2946 | D:3      | Killed Sigmund
  2947 | D:3      | Reached skill level 6 in Air Magic
  2947 | D:3      | Reached XP level 6. HP: 12/32 MP: 2/12
  3254 | D:3      | Reached skill level 1 in Fighting
  3631 | D:3      | Offered knowledge of Scorch by Vehumet.
  3711 | D:4      | Noticed Grinder
  3729 | D:4      | Killed Grinder
  3730 | D:4      | Reached XP level 7. HP: 22/38 MP: 10/14
  3893 | D:4      | Reached ** piety under Vehumet
  3921 | D:4      | Reached skill level 5 in Conjurations
  4304 | D:4      | Reached skill level 7 in Air Magic
  5295 | D:5      | Entered Level 5 of the Dungeon
  5317 | D:5      | Found a shimmering blue altar of Sif Muna.
  5592 | D:5      | Reached XP level 8. HP: 42/43 MP: 11/16
  5624 | D:5      | Found a hazy altar of Hepliaklqana.
  5711 | D:5      | Reached skill level 5 in Spellcasting
  5857 | D:5      | Found a staircase to the Ecumenical Temple.
  5998 | D:5      | Learned a level 4 spell: Airstrike
  6030 | Temple   | Entered the Ecumenical Temple
  6192 | D:6      | Noticed a wraith
  6201 | D:6      | Killed a wraith
  6214 | D:6      | Noticed a troll
  6310 | D:7      | Shot with an arrow by a centaur

Illustrated notes

Levels and vault maps discovered:
D:1:      onia_arrival_handbag, layout_loops_ring, dk_noncrumbling_2,
          fountainhead, minmay_misc_feat_nine_boxes
D:2:      layout_rooms, hellmonk_ecumenical_altar_blasted
D:3:      layout_rooms, uniq_sigmund
D:4:      layout_layer_cave, uniq_grinder
D:5:      layout_rooms, mainiacjoe_overflow_cross_hatched, led_sif_pool,
          minmay_temple_entry_stoned_glass, grunt_decor_arrowhead
D:6:      layout_cave_pools, old_standard_altar, portal_sewer_entry_e
D:7:      nicolae_cairo_tiling_very_big, layout_basic, enter_ossuary_1,
          serial_shops, shop
Temple:   nicolae_temple_no_exploring_needed

Skill      XL: |  1  2  3  4  5  6  7  8 |
---------------+-------------------------+-----
Air Magic      | 5 6 7 |  7.9
Conjurations   | 2 4 5 6 |  6.2
Spellcasting   | 3 4 5 |  5.8
Fighting       | 1 |  1.6
Stealth        | 3 |  3.2
Throwing       | |  0.4
Dodging        | |  2.8

Action                   |  1- 3 |  4- 6 |  7- 9 || total
-------------------------+-------+-------+-------++-------
Melee: Unarmed           |     3 |     2 |       ||     5
       Kick              |     2 |     1 |       ||     3
       Peck              |       |     1 |       ||     1
Throw: Dart              |       |     1 |     4 ||     5
 Cast: Shock             |    80 |    93 |    84 ||   257
       Static Discharge  |       |     8 |    15 ||    23
       Swiftness         |       |     2 |     2 ||     4
       Airstrike         |       |       |     1 ||     1
  Use: Scroll            |     1 |     2 |     1 ||     4
       Potion            |       |     1 |       ||     1
 Stab: Sleeping          |     1 |       |       ||     1
Armor: Robe              |     3 |       |     4 ||     7
Dodge: Dodged            |     6 |    14 |    26 ||    46

Table legend: (Time is in decaauts)
 A = Elapsed time spent in this place.
 B = Non-inter-level travel time spent in this place.
 C = Inter-level travel time spent in this place.
 D = Time resting spent in this place.
 E = Time spent auto-exploring this place.
 F = Levels seen in this place.
 G = Mean time per level.
                   A        B        C        D        E       F      G
               +--------+--------+--------+--------+--------+-----+--------+
         Total |   6120 |   5973 |    147 |      0 |   5273 |   8 |  765.0 |
       Dungeon |   6112 |   5965 |    147 |      0 |   5273 |   7 |  873.1 |
        Temple |      7 |      7 |      0 |      0 |      0 |   1 |    7.0 |
               +--------+--------+--------+--------+--------+-----+--------+

Top non-repeatable levels by time:
     D:1: 1528 daAuts
     D:2: 1362 daAuts
     D:4: 1266 daAuts
     D:3: 998 daAuts
     D:5: 924 daAuts
     D:6: 30 daAuts
  Temple: 7 daAuts
     D:7: 2 daAuts
